 Dungeon Crawl Stone Soup version 0.29-a0-330-g52719c12eb (webtiles) character file.

Game seed: 8257483661572624256

15601 Ajdolov the Markshuman (level 12, -1/75 HPs)
             Began as a Human Hunter on May 5, 2022.
             Was a Priest of Hepliaklqana.
             Slain by an orc knight
             ... wielding a +1 battleaxe of electrocution
              (19 damage)
             ... on level 10 of the Dungeon.
             The game lasted 00:28:10 (14151 turns).

Ajdolov the Markshuman (Human Hunter)              Turns: 14151, Time: 00:28:11

Health: -1/75      AC: 13    Str: 12    XL:     12   Next: 59%
Magic:  17/17      EV: 12    Int:  9    God:    Hepliaklqana [***...]
Gold:   531        SH:  5    Dex: 22    Spells: 11/11 levels left

rFire   + . .      SeeInvis .   a - +1 shortbow
rCold   . . .      Faith    .   (shield currently unavailable)
rNeg    . . .      Spirit   .   D - +3 leather armour
rPois   .          Reflect  +   o - +2 helmet
rElec   .          Harm     .   u - +0 cloak
rCorr   .          Rampage  .   B - +2 pair of gloves {hurl}
Will    +....                   (no boots)
Stlth   ++........              y - amulet of reflection
HPRegen 0.22/turn               l - ring of willpower
MPRegen 0.15/turn               s - ring of protection from fire

@: no status effects
A: reduced essence
a: Renounce Religion, Recall Ancestor, Ancestor Identity, Transference


You were on level 10 of the Dungeon.
You worshipped Hepliaklqana.
Hepliaklqana was most pleased with you.
You visited 2 branches of the dungeon, and saw 11 of its levels.
You also visited: Sewer.

You collected 531 gold pieces.

Inventory:

Hand Weapons
 a - a +1 shortbow (weapon)
Armour
 o - a +2 helmet (worn)
 u - a +0 cloak (worn)
 B - a +2 pair of gloves of hurling (worn)
 D - a +3 leather armour (worn)
Jewellery
 l - a ring of willpower (left hand)
 s - a ring of protection from fire (right hand)
 y - an amulet of reflection (around neck)
Wands
 b - a wand of polymorph (1)
 v - a wand of iceblast (3)
Scrolls
 c - a scroll of immolation
 d - 2 scrolls of brand weapon
 f - 8 scrolls of teleportation
 h - 3 scrolls of noise
 i - 2 scrolls of identify
 m - a scroll of fear
 n - 3 scrolls of magic mapping
 p - a scroll of fog
 r - 3 scrolls of blinking
 t - 2 scrolls of enchant weapon
 A - a scroll of summoning
 C - a scroll of vulnerability
 F - a scroll of holy word
 G - a scroll of enchant armour
Potions
 e - 11 potions of curing
 g - a potion of brilliance
 j - 3 potions of magic
 k - 2 potions of invisibility
 q - 2 potions of resistance
 x - a potion of attraction
 z - a potion of haste
 E - a potion of heal wounds


   Skills:
 - Level 4.4 Fighting
 * Level 17.4 Bows
 - Level 2.0 Dodging
 - Level 1.0 Stealth
 - Level 7.0 Invocations
 - Level 5.0 Evocations


You had 11 spell levels left.
You didn't know any spells.
Your spell library contained the following spells:

 Spells                   Type           Power      Damage    Failure   Level
 Slow                     Hex            0%         N/A       45%         1
 Passwall                 Tmut/Erth      0%         N/A       61%         2
 Confusing Touch          Hex            0%         N/A       83%         3
 Conjure Flame            Conj/Fire      0%         6-21      83%         3
 Gell's Gravitas          Tloc           0%         N/A       83%         3
 Ignite Poison            Fire/Tmut/Pois 0%         N/A       83%         3
 Stone Arrow              Conj/Erth      0%         3d7       83%         3
 Teleport Other           Tloc           0%         N/A       83%         3
 Tukima's Dance           Hex            0%         N/A       83%         3
 Vampiric Draining        Necr           0%         2d6       83%         3
 Animate Armour           Summ/Erth      0%         N/A       99%         4
 Passage of Golubria      Tloc           0%         N/A       99%         4
 Sticky Flame             Conj/Fire      0%         2d3       99%         4
 Yara's Violent Unravell  Hex/Tmut       0%         3d3       100%        5
 Dispersal                Tloc           0%         N/A       100%        6


Dungeon Overview and Level Annotations

Branches:
Dungeon (10/15)            Temple (1/1) D:5            Lair (0/6) D:9
    Orc (0/2) D:9           Sewer (visited)

Altars:
Cheibriados
Dithmenos
Elyvilon
Fedhas
Gozag
Hepliaklqana
Kikubaaqudgha
Nemelex Xobeh
Qazlal
Ru
Sif Muna
Trog
Uskayaw
Vehumet
Wu Jian
Xom
The Shining One

Shops:
D:3 (   D:8 [::*=

Annotations:
D:9 Harold


Message History

You shoot an arrow. The arrow hits the orc knight.
The orc knight is almost dead.
You shoot an arrow. The arrow barely misses the orc knight.
The arrow barely misses the troll.
The orc knight hits you with a +1 battleaxe of electrocution!!
You shoot an arrow.
The arrow hits the orc knight but does no damage.
The orc knight is almost dead.
The orc knight hits you with a +1 battleaxe of electrocution!
You are electrocuted!
Shoot: a) +1 shortbow
Press: ? - help, Q - select action, (/) - cycle Shift-Dir - straight line, f/p - orc knight
Aim: an orc knight, wielding a +1 battleaxe of electrocution and wearing a +0 chain mail (almost dead, 70% to hit)
You shoot an arrow.
The arrow hits the orc knight but does no damage.
The orc knight is almost dead.
Shoot: a) +1 shortbow
Press: ? - help, Q - select action, (/) - cycle Shift-Dir - straight line, f/p - orc knight
Aim: an orc knight, wielding a +1 battleaxe of electrocution and wearing a +0 chain mail (almost dead, 70% to hit)
You shoot an arrow.
The arrow hits the orc knight but does no damage.
The orc knight is almost dead.
The orc knight misses you.
Shoot: a) +1 shortbow
Press: ? - help, Q - select action, (/) - cycle Shift-Dir - straight line, f/p - orc knight
Aim: an orc knight, wielding a +1 battleaxe of electrocution and wearing a +0 chain mail (almost dead, 70% to hit)
You shoot an arrow.
The arrow closely misses the orc knight.
The arrow hits the troll but does no damage.
The orc knight closely misses you.
Shoot: a) +1 shortbow
Press: ? - help, Q - select action, (/) - cycle Shift-Dir - straight line, f/p - orc knight
Aim: an orc knight, wielding a +1 battleaxe of electrocution and wearing a +0 chain mail (almost dead, 70% to hit)
You shoot an arrow.
The arrow hits the orc knight but does no damage.
The orc knight is almost dead.
The orc knight hits you with a +1 battleaxe of electrocution!
* * * LOW HITPOINT WARNING * * *
You are electrocuted!!
You die...

######## #.@oT..# .# .
######'####.# ..
#.+.......'.# ..
#.#.♣...♣.#o# .
#.#.♣._.♣.#T########.#
#.#.♣...♣.#.).o...##.#
##.'.......+..T..#<##.###
#..####'########...##.#..
#.##.# .# ##.###.#.#


You could see an orc knight and a troll.

Vanquished Creatures
  A hydra (D:9)
  A boulder beetle (D:9)
  A centaur warrior (D:9)
  A tengu warrior (D:9)
  A wizard (D:9)
  Pikel (D:6)
  A cyclops (D:9)
  A gargoyle (D:10)
  An orange demon (D:8)
  A freezing wraith (D:9)
  A troll (D:10)
  A hornet (D:8)
  A shadow (D:9)
  Eustachio (D:6)
  6 yaks
  A basilisk (D:9)
  3 steam dragons
  3 water moccasins
  An acid dragon (D:10)
  An ice beast (D:5)
  2 orc warriors
  A sky beast (D:8)
  3 ogres
  2 centaurs
  A lemure (D:5)
  A phantom (D:4)
  A kobold brigand (D:10)
  4 bullfrogs
  A scorpion (D:6)
  A wight (D:10)
  5 killer bees
  2 howler monkeys
  4 crimson imps (D:3)
  3 orc priests
  2 gnoll shamans
  5 hounds
  Jessica (D:2)
  An iguana (D:6)
  2 orc wizards
  Robin (D:2)
  7 gnolls
  11 adders
  An ufetubus (D:7)
  2 worms
  25 orcs
  23 ball pythons
  5 bats
  A bat zombie (D:6)
  16 endoplasms
  6 giant cockroaches
  18 goblins
  9 hobgoblins
  11 quokkas
  13 frilled lizards
  14 kobolds
  12 rats
246 creatures vanquished.

Vanquished Creatures (collateral kills)
  Amaemon (D:9)
  A wolf spider (D:9)
  2 cyclopes
  Joseph (D:8)
  2 unseen horrors (D:10)
  Prince Ribbit (D:8)
  Sigmund (D:6)
  4 wraiths
  A basilisk (D:9)
  3 wyverns
  4 yaks
  2 steam dragons (D:7)
  2 ice beasts (D:7)
  3 orc warriors
  A black bear (D:5)
  A bullfrog (D:7)
  A scorpion (D:9)
  A wight (D:8)
  5 killer bees
  2 electric eels (D:7)
  A howler monkey (D:7)
  2 orc priests
  4 orc wizards
  2 gnolls (D:7)
  6 orcs
54 creatures vanquished.

Vanquished Creatures (others)
  A kobold brigand (D:10)
  11 knights
  4 ancestors
  2 fungi (D:9)
  33 plants
51 creatures vanquished.

Grand Total: 351 creatures vanquished

Notes
Turn   | Place    | Note
-------+----------+-------------------------------------------
     0 | D:1      | Ajdolov the Human Hunter began the quest for the Orb.
     0 | D:1      | Reached XP level 1. HP: 16/16 MP: 1/1
   116 | D:1      | Reached XP level 2. HP: 22/22 MP: 2/2
   166 | D:1      | Found a faded altar of an unknown god.
   687 | D:1      | Reached XP level 3. HP: 28/28 MP: 3/3
  1010 | D:2      | Noticed Jessica
  1016 | D:2      | Killed Jessica
  1017 | D:2      | Reached skill level 5 in Bows
  1017 | D:2      | Reached XP level 4. HP: 34/34 MP: 4/4
  1408 | D:2      | Noticed Robin
  1877 | D:2      | Killed Robin
  1878 | D:2      | Reached XP level 5. HP: 12/41 MP: 5/5
  2511 | D:3      | Found Etueni's Antique Weapon Emporium.
  2704 | D:3      | Found a shadowy altar of Dithmenos.
  2897 | D:3      | Found a shimmering altar of Xom.
  2920 | D:3      | Reached skill level 6 in Bows
  2920 | D:3      | Reached XP level 6. HP: 45/47 MP: 6/6
  3208 | D:3      | Found a shimmering blue altar of Sif Muna.
  3457 | D:4      | Noticed a steam dragon
  3483 | D:4      | Reached XP level 7. HP: 49/54 MP: 7/7
  3729 | D:4      | Found a white marble altar of Elyvilon.
  3860 | D:4      | Reached skill level 7 in Bows
  4009 | D:5      | Entered Level 5 of the Dungeon
  4012 | D:5      | Found a staircase to the Ecumenical Temple.
  4020 | Temple   | Entered the Ecumenical Temple
  4047 | Temple   | Became a worshipper of Hepliaklqana the Forgotten
  4092 | D:5      | Reached skill level 1 in Invocations
  4558 | D:5      | Found a glowing drain.
  4575 | Sewer    | Entered a sewer
  4791 | Sewer    | Reached XP level 8. HP: 61/61 MP: 9/9
  4868 | Sewer    | Reached skill level 8 in Bows
  4927 | Sewer    | Got the Reference Book on the Rocks
  5906 | D:5      | Reached * piety under Hepliaklqana
  6400 | D:4      | Reached skill level 9 in Bows
  6620 | D:6      | Reached XP level 9. HP: 59/59 MP: 12/12
  6722 | D:6      | Noticed Pikel
  7079 | D:6      | Killed Pikel
  7080 | D:6      | Reached skill level 10 in Bows
  7080 | D:6      | Reached skill level 5 in Invocations
  7255 | D:6      | Noticed Sigmund
  7260 | D:6      | Killed Sigmund
  7334 | D:6      | Noticed Eustachio
  7351 | D:6      | Killed Eustachio
  7509 | D:6      | Reached skill level 11 in Bows
  7794 | D:6      | Reached ** piety under Hepliaklqana
  7795 | D:6      | Remembered your ancestor Quintus as a knight
  7897 | D:6      | Found an ancient bone altar of Kikubaaqudgha.
  8035 | D:7      | Reached XP level 10. HP: 65/65 MP: 13/15
  8249 | D:7      | Reached skill level 12 in Bows
  8389 | D:7      | Found a sacrificial altar of Ru.
  9207 | D:7      | Found a snail-covered altar of Cheibriados.
  9214 | D:7      | Found a stormy altar of Qazlal.
  9293 | D:7      | Found a blossoming altar of Fedhas.
  9353 | D:8      | Reached *** piety under Hepliaklqana
  9354 | D:8      | Noticed Prince Ribbit
  9354 | D:8      | Noticed Joseph
  9611 | D:8      | Killed Joseph
  9616 | D:8      | Killed Prince Ribbit
  9664 | D:8      | Found Fupheng's Jewellery Emporium.
  9686 | D:8      | Reached skill level 13 in Bows
  9693 | D:8      | Found Sepypnipp's General Store.
  9841 | D:8      | Found Huwn's Book Boutique.
  9934 | D:8      | Found Ojicos's Book Boutique.
 10038 | D:8      | Identified the +1 robe of the Hurricane {rPois rCorr Str+2}
 10109 | D:8      | Reached skill level 14 in Bows
 10109 | D:8      | Reached XP level 11. HP: 70/70 MP: 16/16
 10225 | D:8      | Found Hecuf's Armour Shoppe.
 10534 | D:9      | Noticed a wizard
 10546 | D:9      | Killed a wizard
 10563 | D:9      | Noticed a centaur warrior
 10563 | D:9      | Noticed a six-headed hydra
 10565 | D:9      | Noticed a cyclops
 10565 | D:9      | Noticed Harold
 10566 | D:9      | Noticed a cyclops
 10588 | D:9      | Noticed Amaemon
 10911 | D:9      | Noticed a boulder beetle
 11253 | D:9      | Noticed a cyclops
 11350 | D:9      | Reached skill level 15 in Bows
 11483 | D:9      | Killed a cyclops
 11484 | D:9      | Reached skill level 1 in Evocations
 11493 | D:9      | Noticed a wolf spider
 11499 | D:9      | Killed a wolf spider
 11575 | D:9      | Found a staircase to the Lair.
 11603 | D:9      | Found a staircase to the Orcish Mines.
 11645 | D:10     | Entered Level 10 of the Dungeon
 11930 | D:10     | Noticed a two-headed ogre
 12235 | D:8      | Killed a cyclops
 12427 | D:9      | Killed Amaemon
 12449 | D:9      | Killed a centaur warrior
 12450 | D:9      | Reached skill level 5 in Evocations
 12450 | D:9      | Reached XP level 12. HP: 41/75 MP: 17/17
 12618 | D:9      | Reached skill level 16 in Bows
 13098 | D:9      | Killed a six-headed hydra
 13199 | D:9      | Noticed a tengu warrior
 13226 | D:9      | Killed a tengu warrior
 13227 | D:9      | Reached skill level 17 in Bows
 13366 | D:9      | Killed a boulder beetle
 13433 | D:10     | Found a bloodstained altar of Trog.
 14151 | D:10     | Slain by an orc knight

Illustrated notes

Levels and vault maps discovered:
D:1:      lemuel_arrival_broad_hall, layout_loops_ring, basic_ecumenical_altar,
          chequers_serial_rivers_large_a, minmay_domino_2
D:2:      layout_rooms, chequers_serial_rivers_micro_b, lexackson_kobold_supper,
          uniq_robin, uniq_jessica
D:3:      layout_basic, led_xom_imps, general_overflow_altar,
          overflow_temple_1_default, serial_shops, shop,
          minmay_fractal_squares_diagonal_5
D:4:      layout_basic, elyvilon_altar_3
D:5:      layout_loops_corners, minmay_temple_entry_statues_fountains,
          cheibrodos_sewer_entry_drain, lightli_ossuary_entry_decrepit_ruins
D:6:      layout_loops_corners, lemuel_zombie_altar_kikubaaqudgha, uniq_sigmund,
          uniq_pikel, uniq_eustachio
D:7:      layout_basic, minitemple, nicolae_ru_the_path_less_chosen,
          kennysheep_mini_moat, serial_bayou_lagoon_a
D:8:      layout_loops_cross, serial_shops, kennysheep_little_box,
          nicolae_shop_stone, nicolae_stop_n_shop_2, shop, nicolae_square_shop,
          serial_bayou_pond_b, uniq_prince_ribbit1, uniq_joseph
D:9:      minmay_sliced_demisemicircle, layout_rooms, minmay_lair_entry_grove,
          david_orc_2, uniq_amaemon, uniq_harold
D:10:     minmay_the_grid_3x3 [minmay_the_grid_pillar_ring,
          minmay_the_grid_empty, minmay_the_grid_diamond_grid,
          minmay_the_grid_minigrid_large, minmay_the_grid_stretched_grid,
          minmay_the_grid_small_cups, minmay_the_grid_outer_circle,
          minmay_the_grid_doors, minmay_the_grid_prize_four_corners],
          layout_loops_cross, mainiacjoe_overflow_six_doors_small, serial_shops,
          shop, uniq_nergalle, uniq_erolcha
Temple:   nicolae_temple_hex_pool

Skill      XL: |  1  2  3  4  5  6  7  8  9 10 11 12 |
---------------+-------------------------------------+-----
Bows           | 5 6 7 9 11 14 15 17 | 17.4
Fighting       | 3 4 |  4.4
Invocations    | 2 4 6 7 |  7.0
Evocations     | 5 |  5.0
Dodging        | |  2.0
Stealth        | |  1.0

Action                   |  1- 3 |  4- 6 |  7- 9 | 10-12 || total
-------------------------+-------+-------+-------+-------++-------
Melee: Shortbow          |       |       |     1 |     3 ||     4
 Fire: Shortbow          |    60 |   197 |   367 |   533 ||  1157
Throw: Throwing net      |       |       |       |     1 ||     1
Invok: Ancestor Life: Kn |       |       |     1 |       ||     1
       Recall Ancestor   |       |       |       |     5 ||     5
       Transference      |       |       |       |     1 ||     1
Evoke: Wand              |       |       |       |    23 ||    23
  Use: Scroll            |       |       |       |    23 ||    23
Armor: Leather armour    |     5 |    32 |    86 |    49 ||   172
Dodge: Dodged            |    18 |    36 |   108 |    78 ||   240
Block: Other             |       |       |     6 |    24 ||    30
       Reflection        |       |       |       |     6 ||     6

Table legend: (Time is in decaauts)
 A = Elapsed time spent in this place.
 B = Non-inter-level travel time spent in this place.
 C = Inter-level travel time spent in this place.
 D = Time resting spent in this place.
 E = Time spent auto-exploring this place.
 F = Levels seen in this place.
 G = Mean time per level.
                   A        B        C        D        E       F      G
               +--------+--------+--------+--------+--------+-----+--------+
         Total |  14263 |  13455 |    808 |   4159 |   6151 |  12 | 1188.6 |
       Dungeon |  13672 |  12886 |    786 |   4155 |   5844 |  10 | 1367.2 |
        Temple |     50 |     28 |     22 |      0 |     20 |   1 |   50.0 |
         Sewer |    540 |    540 |      0 |      4 |    287 |   1 |  540.0 |
               +--------+--------+--------+--------+--------+-----+--------+

Top non-repeatable levels by time:
     D:8: 2274 daAuts
     D:5: 2017 daAuts
     D:9: 1682 daAuts
     D:7: 1562 daAuts
     D:6: 1309 daAuts
     D:1: 1241 daAuts
     D:2: 1216 daAuts
     D:3: 1029 daAuts
     D:4: 747 daAuts
    D:10: 591 daAuts
   Sewer: 540 daAuts
  Temple: 50 daAuts
